 Dungeon Crawl Stone Soup version 0.29-a0-330-g52719c12eb (webtiles) character file.

Game seed: 2972633511402517739

3105 emperorscorpion the Thaumaturge (level 9, -3/62 HPs)
             Began as a Mummy Necromancer on May 16, 2022.
             Was a Believer of Kikubaaqudgha.
             Slain by a vampire mosquito (6 damage)
             ... on level 7 of the Dungeon.
             The game lasted 00:25:36 (7166 turns).

emperorscorpion the Thaumaturge (Mummy Necromancer) Turns: 7166, Time: 00:25:37

Health: -3/62      AC:  4    Str: 11    XL:     9   Next: 60%
Magic:  23/23      EV: 17    Int: 20    God:    Kikubaaqudgha [**....]
Gold:   350        SH:  0    Dex: 14    Spells: 9/29 levels left

rFire   + . .      SeeInvis .   a - +9 long sword "Quinligi" {drain, *Rage rPois rF+ Int+3}
rCold   + . .      Faith    .   (no shield)
rNeg    + + +      Spirit   .   m - +1 robe
rPois   ∞          Reflect  .   (no helmet)
rElec   .          Harm     .   (no cloak)
rCorr   .          Rampage  .   e - +0 pair of gloves
Will    +....                   (no boots)
Stlth   ++........              (no amulet)
HPRegen 0.20/turn               i - ring of protection from fire
MPRegen 0.18/turn               r - +4 ring of evasion

@: about to teleport
A: cold resistance 1, negative energy resistance 3, torment resistance 2, heat
vulnerability 1, in touch with death 1, no potions
a: Renounce Religion, Receive Corpses


You were on level 7 of the Dungeon.
You worshipped Kikubaaqudgha.
Kikubaaqudgha was pleased with you.
You visited 2 branches of the dungeon, and saw 8 of its levels.

You collected 350 gold pieces.

Inventory:

Hand Weapons
 a - the +9 long sword "Quinligi" (weapon) {drain, *Rage rPois rF+ Int+3}
   (You took it off a goblin on level 3 of the Dungeon)

   A truly terrible weapon, it drains the life of any living foe it strikes.
   Int:       It affects your intelligence (+3).
   rF:        It protects you from fire.
   rPois:     It protects you from poison.
   *Rage:     It berserks you when you make melee attacks (+20% chance).
 j - a +4 scimitar
 y - a +2 rapier of venom
Missiles
 b - 9 poisoned darts (quivered)
 c - 11 javelins
 d - 4 boomerangs
 w - a curare-tipped dart
Armour
 e - a +0 pair of gloves (worn)
 m - a +1 robe (worn)
 q - a +4 scale mail
Jewellery
 i - a ring of protection from fire (left hand)
 l - a ring of protection from fire
 r - a +4 ring of evasion (right hand)
Wands
 k - a wand of iceblast (22)
 p - a wand of charming (12)
 u - a wand of paralysis (7)
 x - a wand of polymorph (10)
Scrolls
 f - 4 scrolls of identify
 g - 4 scrolls of amnesia
 h - 2 scrolls of magic mapping
 n - 2 scrolls of blinking
 o - a scroll of enchant weapon
 s - a scroll of teleportation
 t - 2 scrolls of fear
 v - a scroll of noise {unknown}


   Skills:
 + Level 2.9 Fighting
 + Level 4.3 Long Blades
 + Level 2.9 Dodging
 + Level 2.5 Stealth
 * Level 10.6 Spellcasting
 - Level 1.4 Conjurations
 + Level 2.0 Hexes
 + Level 6.8 Necromancy
 - Level 1.6 Air Magic
 - Level 1.4 Poison Magic


You had 9 spell levels left.
You knew the following spells:

 Your Spells              Type           Power      Damage    Failure   Level
a - Pain                  Necr           100%       1d9       1%          1
b - Vampiric Draining     Necr           54%        2d9       1%          3
c - Mephitic Cloud        Conj/Pois/Air  16%        N/A       11%         3
d - Agony                 Necr           54%        N/A       11%         5
e - Anguish               Hex/Necr       21%        N/A       11%         4
f - Animate Dead          Necr           27%        N/A       3%          4

Your spell library contained the following spells:

 Spells                   Type           Power      Damage    Failure   Level
 Animate Skeleton         Necr           100%       N/A       1%          1
 Corpse Rot               Necr/Air       82%        N/A       1%          2
 Magic Dart               Conj           64%        1d6       3%          1
 Tukima's Dance           Hex            18%        N/A       9%          3
 Call Imp                 Summ           10%        N/A       10%         2
 Enfeeble                 Hex            9%         N/A       100%        7
 Beastly Appendage        Tmut           Unusable   N/A       N/A         1
 Wereblood                Tmut           Unusable   N/A       N/A         2
 Spider Form              Tmut/Pois      Unusable   N/A       N/A         3

Dungeon Overview and Level Annotations

Branches:
Dungeon (7/15)             Temple (1/1) D:4

Altars:
Gozag
Kikubaaqudgha
Makhleb
Okawaru
Qazlal
Ru
Sif Muna
Trog
Vehumet
Wu Jian
Xom
Yredelemnul
Zin
The Shining One


Innate Abilities, Weirdness & Mutations

You are immune to poison.
Your flesh is cold resistant. (rC+)
You are immune to negative energy. (rN+++)
You are immune to unholy pain and torment.
You are vulnerable to heat. (rF-)
You are in touch with the powers of death.
You do not drink.


Message History

The vampire mosquito bites you!
The vampire mosquito barely misses you. x2
You slash the vampire mosquito!
The vampire mosquito is almost destroyed.
The vampire mosquito completely misses you.
The vampire mosquito barely misses you. The vampire mosquito misses you.
The vampire mosquito bites you.
You slash the vampire mosquito!
You destroy the vampire mosquito!
Kikubaaqudgha accepts your kill. The vampire mosquito bites you!
The vampire mosquito misses you.
You miss the vampire mosquito.
The vampire mosquito bites you but does no damage.
The vampire mosquito bites you.
You slash the vampire mosquito!
The vampire mosquito is heavily damaged.
The vampire mosquito closely misses you.
The vampire mosquito bites you.
You slash the vampire mosquito!
The vampire mosquito is almost destroyed.
You hear an angry buzzing noise.
The vampire mosquito bites you.
The vampire mosquito bites you but does no damage.
A vampire mosquito comes into view.
The vampire mosquito barely misses you.
You hear a bellow!
As you read the scroll of teleportation, it crumbles to dust.
You feel strangely unstable.
You hear a bellow!
The vampire mosquito bites you!
* * * LOW HITPOINT WARNING * * *
The vampire mosquito bites you!
* * * LOW HITPOINT WARNING * * *
The vampire mosquito bites you.
* * * LOW HITPOINT WARNING * * *
The vampire mosquito attacks as you move away!
The vampire mosquito barely misses you.
The vampire mosquito closely misses you. x2
The vampire mosquito bites you.
You die...
Kikubaaqudgha rasps: "You have failed me!
Welcome... oblivion!"

.).###
#....###.###......#.# ...#
#.....#...#........... .###
#...8...8...8..####.#. ..#
##....#...#...## #.#. ...#
#....###.###..# #.#
....########.....#...#...#
#[#
...............8...8...8.#
#.#
.........................##
...g..######....@y.........
D... ##....y......... .D..
##.....†#..#### ########
y..# ..# .# #


You could see 2 vampire mosquitoes.

Vanquished Creatures
  A vampire (D:7)
  A steam dragon (D:7)
  A vampire mosquito (D:7)
  2 water moccasins (D:6)
  2 black bears
  An orc warrior (D:6)
  2 sky beasts
  2 ogres (D:6)
  3 centaurs
  2 phantoms (D:6)
  A kobold brigand (D:6)
  2 bullfrogs
  5 wights (D:6)
  3 jellies
  A gnoll shaman (D:7)
  7 hounds
  2 orc priests
  Jessica (D:3)
  5 iguanas
  3 orc wizards
  A mummy (D:5)
  4 gnolls (D:7)
  6 adders
  2 river rats (D:3)
  A shadow imp (D:7)
  2 ufetubi
  2 worms (D:3)
  5 dart slugs
  22 orcs
  4 bats
  4 endoplasms
  6 giant cockroaches
  8 goblins
  5 hobgoblins
  6 jackals
  8 kobolds
  3 quokkas
  4 ball pythons
  3 frilled lizards
  A hobgoblin zombie (D:5)
  3 orc zombies (D:5)
  8 rats
155 creatures vanquished.

Vanquished Creatures (others)
  A steam dragon (D:7)
  A plant (D:1)
2 creatures vanquished.

Grand Total: 157 creatures vanquished

Notes
Turn   | Place    | Note
-------+----------+-------------------------------------------
     0 | D:1      | emperorscorpion the Mummy Necromancer began the quest for
                  | the Orb.
     0 | D:1      | Reached XP level 1. HP: 13/13 MP: 4/4
   268 | D:1      | Reached XP level 2. HP: 19/19 MP: 3/5
   434 | D:1      | Reached skill level 3 in Spellcasting
   860 | D:1      | Gained mutation: You are in touch with the powers of death.
                  | [Mummy growth]
   860 | D:1      | Reached XP level 3. HP: 24/24 MP: 5/7
   864 | D:1      | Learned a level 3 spell: Vampiric Draining
  1407 | D:2      | Learned a level 3 spell: Mephitic Cloud
  1754 | D:3      | Reached skill level 4 in Spellcasting
  1754 | D:3      | Reached XP level 4. HP: 28/30 MP: 2/10
  2007 | D:3      | Noticed Jessica
  2009 | D:3      | Killed Jessica
  2135 | D:3      | Found a faded altar of an unknown god.
  2235 | D:3      | Reached skill level 5 in Necromancy
  2299 | D:3      | Noticed a bullfrog
  2307 | D:3      | Killed a bullfrog
  2308 | D:3      | Reached skill level 5 in Spellcasting
  2308 | D:3      | Reached XP level 5. HP: 31/35 MP: 2/12
  2737 | D:3      | Identified the +9 long sword "Quinligi" {drain, *Rage rPois
                  | rF+ Int+3}
  2874 | D:3      | Learned a level 5 spell: Agony
  2935 | D:4      | Reached skill level 1 in Poison Magic
  2977 | D:4      | Reached skill level 1 in Air Magic
  2977 | D:4      | Reached XP level 6. HP: 37/41 MP: 4/14
  3502 | D:4      | Found a staircase to the Ecumenical Temple.
  3511 | Temple   | Entered the Ecumenical Temple
  3541 | Temple   | Became a worshipper of Kikubaaqudgha
  3866 | D:4      | Reached skill level 6 in Spellcasting
  4108 | D:5      | Entered Level 5 of the Dungeon
  4174 | D:5      | Reached skill level 1 in Conjurations
  4178 | D:5      | Reached XP level 7. HP: 38/46 MP: 1/16
  4531 | D:5      | Reached skill level 7 in Spellcasting
  4654 | D:5      | You fall into a shaft and drop 1 floor!
  4664 | D:6      | Reached skill level 1 in Long Blades
  4675 | D:6      | Reached * piety under Kikubaaqudgha
  4675 | D:6      | Received a gift from Kikubaaqudgha
  4970 | D:6      | Reached skill level 1 in Fighting
  4973 | D:6      | Reached skill level 8 in Spellcasting
  4973 | D:6      | Reached XP level 8. HP: 31/55 MP: 20/20
  5892 | D:6      | Learned a level 4 spell: Anguish
  5986 | D:6      | Reached skill level 9 in Spellcasting
  6482 | D:7      | Reached XP level 9. HP: 54/62 MP: 19/22
  6503 | D:7      | Reached ** piety under Kikubaaqudgha
  6560 | D:7      | Reached skill level 1 in Hexes
  6837 | D:7      | Reached skill level 10 in Spellcasting
  6856 | D:7      | Learned a level 4 spell: Animate Dead
  7164 | D:7      | HP: 3/62 [vampire mosquito (5)]
  7166 | D:7      | Slain by a vampire mosquito

Illustrated notes

Levels and vault maps discovered:
D:1:      eino_arrival_water_cross, layout_rooms
D:2:      layout_basic
D:3:      layout_basic, dreamdust_ecumenical_altar_hidden_monk_grotto,
          portal_sewer_entry_e, chequers_serial_rivers_large_b,
          minmay_fractal_squares_5, uniq_jessica
D:4:      layout_basic, minmay_temple_entry_waves
D:5:      layout_basic, minmay_mini_ossuary
D:6:      layout_basic, kennysheep_generic_room_15
D:7:      minmay_s_stair_smasher, layout_rooms, minmay_misc_feat_four_crosses
Temple:   compressed_dpeg_circular_temple

Skill      XL: |  1  2  3  4  5  6  7  8  9 |
---------------+----------------------------+-----
Spellcasting   | 3 4 5 6 8 9 10 | 10.6
Necromancy     | 5 6 |  6.8
Poison Magic   | 1 |  1.4
Air Magic      | 1 |  1.6
Conjurations   | 1 |  1.4
Long Blades    | 1 3 4 |  4.3
Fighting       | 1 2 |  2.9
Dodging        | 2 |  2.9
Stealth        | 2 |  2.5
Hexes          | 2 |  2.0

Action                   |  1- 3 |  4- 6 |  7- 9 || total
-------------------------+-------+-------+-------++-------
Melee: Unarmed           |    10 |       |       ||    10
       Long sword        |       |    27 |   142 ||   169
Throw: Dart              |       |     3 |     2 ||     5
 Cast: Pain              |    81 |    69 |    25 ||   175
       Vampiric Draining |       |     9 |    25 ||    34
       Mephitic Cloud    |       |     1 |     6 ||     7
       Anguish           |       |       |     4 ||     4
       Animate Dead      |       |       |     1 ||     1
Evoke: Wand              |       |       |     3 ||     3
  Use: Scroll            |       |     4 |     4 ||     8
 Stab: Sleeping          |       |       |     1 ||     1
       Paralysed         |       |       |     3 ||     3
Armor: Robe              |     3 |    14 |    42 ||    59
Dodge: Dodged            |    18 |    27 |   159 ||   204

Table legend: (Time is in decaauts)
 A = Elapsed time spent in this place.
 B = Non-inter-level travel time spent in this place.
 C = Inter-level travel time spent in this place.
 D = Time resting spent in this place.
 E = Time spent auto-exploring this place.
 F = Levels seen in this place.
 G = Mean time per level.
                   A        B        C        D        E       F      G
               +--------+--------+--------+--------+--------+-----+--------+
         Total |   7241 |   6928 |    313 |     23 |   5656 |   8 |  905.1 |
       Dungeon |   7182 |   6897 |    285 |     23 |   5641 |   7 | 1026.0 |
        Temple |     59 |     31 |     28 |      0 |     15 |   1 |   59.0 |
               +--------+--------+--------+--------+--------+-----+--------+

Top non-repeatable levels by time:
     D:6: 1595 daAuts
     D:3: 1316 daAuts
     D:4: 1151 daAuts
     D:1: 1000 daAuts
     D:5: 858 daAuts
     D:7: 643 daAuts
     D:2: 615 daAuts
  Temple: 59 daAuts
